[Event "FIDE WYCC Girls U18 2023"]
[Site "Montesilvano"]
[Date "2023.11.14"]
[Round "2.30"]
[White "Gavrileva, Anna"]
[Black "Graziani, Emma"]
[Result "1-0"]
[ECO "A76"]
[WhiteElo "1316"]
[BlackElo "1783"]
[Annotator "NA"]
[PlyCount "117"]
[EventDate "2023.11.13"]
[EventType "swiss"]
[EventCountry "ITA"]
[SourceTitle "playchess.com"]
[Source "ChessBase"]
[SourceQuality "1"]
[TimeControl "40/5400+30:1800+30"]

1. d4 Nf6 2. Nf3 e6 3. c4 c5 4. d5 exd5 5. cxd5 d6 6. Nc3 g6 7. e4 Bg7 8. Be2 O-O 9. O-O Re8 10. Qc2 Na6 11. Bxa6 bxa6 12. h3 Nh5 13. Re1 f5 14. Bg5 Qc7 15. Qa4 Bd7 16. Qxa6 f4 17. e5 dxe5 18. Ne4 Qb6 19. Qxb6 axb6 20. d6 Re6 21. Be7 h6 22. Nfd2 Nf6 23. Nc4 Nd5 24. Rad1 Nxe7 25. Nxb6 Ra7 26. Nxc5 Nc6 27. Nbxd7 Re8 28. Nb6 Rb8 29. Nc4 Bf6 30. d7 Rd8 31. Rd6 Be7 32. Rxc6 Bxc5 33. Rxc5 Raxd7 34. Rcxe5 g5 35. b3 Rg7 36. f3 h5 37. a4 g4 38. hxg4 hxg4 39. fxg4 Rxg4 40. Kf2 Kh8 41. Rh1+ Kg7 42. a5 Rg3 43. Rh3 Rg6 44. Rf3 Rb8 45. Nb6 Kh6 46. Rxf4 Rbg8 47. Ke3 Rxg2 48. b4 Rd8 49. b5 Rgd2 50. a6 Kg6 51. Ra4 Kf6 52. Ree4 Kf5 53. Ra3 Rd1 54. Rf4+ Ke5 55. Rf2 Kd6 56. a7 Re8+ 57. Kf3 Rf8+ 58. Kg2 Rg8+ 59. Rg3 1-0

[Event "FIDE WYCC Girls U18 2023"]
[Site "Montesilvano"]
[Date "2023.11.14"]
[Round "2.31"]
[White "Soares, Sara Joana De Moura "]
[Black "Serina Arafat"]
[Result "1-0"]
[ECO "D35"]
[WhiteElo "1772"]
[BlackElo "1413"]
[Annotator "NA"]
[PlyCount "91"]
[EventDate "2023.11.13"]
[EventType "swiss"]
[EventCountry "ITA"]
[SourceTitle "playchess.com"]
[Source "ChessBase"]
[SourceQuality "1"]
[TimeControl "40/5400+30:1800+30"]

1. d4 d5 2. c4 e6 3. Nc3 Nf6 4. cxd5 exd5 5. Bg5 Be7 6. e3 O-O 7. Bd3 Nbd7 8. Nf3 b6 9. O-O Bb7 10. Rc1 a6 11. Qe2 Ne4 12. Bxe7 Qxe7 13. Rfd1 f5 14. a3 Rf6 15. b4 Rh6 16. Bc2 g5 17. Nxe4 fxe4 18. Nd2 Qd6 19. Nf1 a5 20. Qd2 Nf6 21. Ng3 Bc8 22. Bb3 Bb7 23. Qc3 c6 24. Rb1 a4 25. Ba2 b5 26. Rf1 Rf8 27. Qe1 Nh5 28. Nxe4 Qg6 29. Nd2 Qc2 30. Ra1 Nf6 31. Bb1 Qb2 32. Bd3 Qc3 33. Qe2 Bc8 34. Rfc1 Qb2 35. Qd1 Ng4 36. Rc2 Rxf2 37. Rxb2 Rxh2 38. Qf1 Rxf1+ 39. Rxf1 Rh6 40. e4 dxe4 41. Nxe4 Ne3 42. Re1 Nf5 43. Nxg5 Bd7 44. Bxf5 Bxf5 45. Rf2 Bd7 46. Rf7 1-0

[Event "FIDE WYCC Girls U18 2023"]
[Site "Montesilvano"]
[Date "2023.11.14"]
[Round "2.32"]
[White "O'Carroll, Om"]
[Black "Mohd Azman, Farihah Nur Aisyah"]
[Result "1-0"]
[ECO "B13"]
[WhiteElo "1737"]
[BlackElo "1379"]
[Annotator "NA"]
[PlyCount "95"]
[EventDate "2023.11.13"]
[EventType "swiss"]
[EventCountry "ITA"]
[SourceTitle "playchess.com"]
[Source "ChessBase"]
[SourceQuality "1"]
[TimeControl "40/5400+30:1800+30"]

1. e4 c6 2. d4 d5 3. exd5 cxd5 4. Bd3 Nf6 5. c3 e6 6. Bf4 a6 7. Nd2 Bd6 8. Bxd6 Qxd6 9. Ngf3 Nbd7 10. O-O O-O 11. Qe2 Re8 12. Ne5 b5 13. a3 Nb6 14. Ndf3 Bb7 15. Rae1 Nc4 16. Ng5 Re7 17. f4 Rae8 18. Rf3 h6 19. Nh3 Qb6 20. Nf2 a5 21. g4 Ne4 22. Nxe4 dxe4 23. Bxe4 Bxe4 24. Qxe4 Nd2 25. Qe2 Nxf3+ 26. Qxf3 g6 27. Re2 b4 28. axb4 axb4 29. Nc6 Rb7 30. Nxb4 Ra7 31. f5 Qb7 32. Qxb7 Rxb7 33. d5 gxf5 34. gxf5 e5 35. f6 Rd7 36. Nc6 Kh7 37. c4 Rd6 38. Rf2 e4 39. Ne7 Ra6 40. c5 e3 41. Re2 Rxf6 42. Rxe3 Rb8 43. Re2 Rb4 44. c6 Rg4+ 45. Rg2 Re4 46. Rf2 Rxe7 47. Rxf6 Kg7 48. Rf2 1-0

[Event "FIDE WYCC Girls U18 2023"]
[Site "Montesilvano"]
[Date "2023.11.14"]
[Round "2.33"]
[White "Lunar Villaman, Sofia"]
[Black "Tikvesli, Ceylin"]
[Result "0-1"]
[ECO "A48"]
[WhiteElo "1305"]
[BlackElo "1736"]
[Annotator "NA"]
[PlyCount "144"]
[EventDate "2023.11.13"]
[EventType "swiss"]
[EventCountry "ITA"]
[SourceTitle "playchess.com"]
[Source "ChessBase"]
[SourceQuality "1"]
[TimeControl "40/5400+30:1800+30"]

1. d4 Nf6 2. Bf4 g6 3. Nf3 Bg7 4. e3 d6 5. Nbd2 O-O 6. Be2 c5 7. c3 Qb6 8. Qb3 Be6 9. Bc4 Bxc4 10. Nxc4 Qa6 11. Na3 Nc6 12. Qb5 Qxb5 13. Nxb5 a6 14. Na3 b5 15. dxc5 dxc5 16. Ne5 Rac8 17. Nc2 Nd5 18. Nd7 Rfd8 19. Nxc5 Nxc3 20. Nxa6 Na4 21. O-O Nxb2 22. Rab1 Rd2 23. Ncb4 Na5 24. e4 Rd7 25. Rbc1 Nac4 26. Rfe1 h6 27. h3 g5 28. Be3 e6 29. Nc5 Rdd8 30. Nb7 Re8 31. Nc5 Bf8 32. Ncd3 Red8 33. Nxb2 Bxb4 34. Re2 Ba3 35. Nxc4 Bxc1 36. Bxc1 Rxc4 37. Bb2 Ra4 38. a3 e5 39. Bxe5 Re8 40. f4 Rxa3 41. Rb2 Ra5 42. Bc7 Ra7 43. Bd6 Rb7 44. fxg5 Rxe4 45. gxh6 b4 46. Kf2 b3 47. Kf3 Rc4 48. Be5 Kh7 49. Bg7 Rc2 50. Rb1 b2 51. g4 Rb3+ 52. Ke4 Rxh3 53. Rxb2 Rxb2 54. Bxb2 Kxh6 55. Bc1+ Kg6 56. Kf4 Rd3 57. Ke4 Rc3 58. Be3 f6 59. Bd2 Rc4+ 60. Kf3 Kf7 61. Bf4 Ke6 62. Be3 Kd5 63. Bf2 Ke6 64. Be3 Ke5 65. Bd2 Kd5 66. Be3 Rb4 67. Bd2 Ra4 68. Be3 Ke5 69. Bd2 Ra3+ 70. Be3 Rb3 71. Ke2 Ke4 72. Bc1 Rg3 0-1

[Event "FIDE WYCC Girls U18 2023"]
[Site "Montesilvano"]
[Date "2023.11.14"]
[Round "2.34"]
[White "Chavez Echeverria, Ana Karen"]
[Black "Nielsen-Refs, Ingrid Elmer"]
[Result "1/2-1/2"]
[ECO "E00"]
[WhiteElo "1230"]
[BlackElo "1676"]
[Annotator "NA"]
[PlyCount "89"]
[EventDate "2023.11.13"]
[EventType "swiss"]
[EventCountry "ITA"]
[SourceTitle "playchess.com"]
[Source "ChessBase"]
[SourceQuality "1"]
[TimeControl "40/5400+30:1800+30"]

1. d4 Nf6 2. c4 e6 3. Bf4 Bb4+ 4. Nc3 d5 5. e3 O-O 6. Nf3 Nbd7 7. Rc1 Ne4 8. cxd5 exd5 9. Bd3 Ndf6 10. O-O Bxc3 11. bxc3 h6 12. Nd2 Nxd2 13. Qxd2 Ne4 14. Qc2 f5 15. c4 c6 16. cxd5 cxd5 17. f3 Ng5 18. Qb3 Ne6 19. Be5 Rf7 20. Rfd1 Ng5 21. Rc5 Be6 22. Rdc1 Rc8 23. Rxc8 Bxc8 24. Rc5 Be6 25. Qc2 Qe8 26. Rc7 Rxc7 27. Qxc7 Nf7 28. Qxb7 Nxe5 29. dxe5 Qa4 30. Qb3 Qa5 31. Qb1 Kh8 32. h3 Qc5 33. Bxf5 Qxe3+ 34. Kh1 Qxe5 35. Bxe6 Qxe6 36. Qb8+ Kh7 37. Qb1+ Kh8 38. Qb8+ Kh7 39. Qxa7 Qe1+ 40. Qg1 Qa5 41. Qb1+ Kg8 42. Qb8+ Kh7 43. Qb1+ Kg8 44. Qb8+ Kh7 45. Qb1+ 1/2-1/2

[Event "FIDE WYCC Girls U18 2023"]
[Site "Montesilvano"]
[Date "2023.11.14"]
[Round "2.35"]
[White "Sukyte, Kotryna"]
[Black "Ham Corona, Ana Paola"]
[Result "0-1"]
[ECO "B38"]
[WhiteElo "1651"]
[BlackElo "1318"]
[Annotator "NA"]
[PlyCount "78"]
[EventDate "2023.11.13"]
[EventType "swiss"]
[EventCountry "ITA"]
[SourceTitle "playchess.com"]
[Source "ChessBase"]
[SourceQuality "1"]
[TimeControl "40/5400+30:1800+30"]

1. e4 c5 2. Nf3 g6 3. d4 cxd4 4. Nxd4 Bg7 5. c4 Nc6 6. Be3 Nf6 7. Nc3 O-O 8. Be2 d6 9. Qd2 Ng4 10. Bxg4 Bxg4 11. f3 Bd7 12. Nxc6 Bxc6 13. Bh6 Qb6 14. Bxg7 Kxg7 15. h4 h5 16. g4 Rh8 17. g5 Rhf8 18. O-O-O Rac8 19. b3 Qc5 20. Kb2 f5 21. gxf6+ Rxf6 22. f4 Rcf8 23. Rdf1 a6 24. Rhg1 b5 25. cxb5 axb5 26. Rg5 Qb6 27. f5 b4 28. Nd5 Bxd5 29. exd5 Qc5 30. Rc1 Qa5 31. Rxg6+ Rxg6 32. fxg6 Qb6 33. Rc2 Qa5 34. Qg2 Qa3+ 35. Kb1 Qa6 36. Kb2 Qa3+ 37. Kb1 Qa6 38. Rf2 Qd3+ 39. Rc2 Rf1+ 0-1

[Event "FIDE WYCC Girls U18 2023"]
[Site "Montesilvano"]
[Date "2023.11.15"]
[Round "3.1"]
[White "Matute Escobar, Roxanny"]
[Black "Starosta, Martyna"]
[Result "1-0"]
[ECO "C00"]
[WhiteElo "1995"]
[BlackElo "2208"]
[Annotator "ChessBase"]
[PlyCount "97"]
[EventDate "2023.11.13"]
[EventType "swiss"]
[EventCountry "ITA"]
[SourceTitle "playchess.com"]
[Source "ChessBase"]
[SourceQuality "1"]
[TimeControl "40/5400+30:1800+30"]

1. e4 e6 2. d3 c5 3. g3 Nc6 4. Bg2 g6 5. Nd2 Bg7 6. Ngf3 Nge7 7. O-O O-O 8. Re1 e5 9. a4 d5 10. exd5 Nxd5 11. Nc4 Re8 12. Ng5 f5 13. f4 h6 14. Nh3 Kh7 15. c3 Re7 16. fxe5 Nxe5 17. Nf4 Nxf4 18. Bxf4 Nxc4 19. dxc4 Rxe1+ 20. Qxe1 Qf6 21. Rd1 g5 22. Bd6 Be6 23. Bxc5 Qf7 24. b3 Re8 25. Qd2 b6 26. Bd4 Rd8 27. Qc2 Rd6 28. Bxg7 Rxd1+ 29. Qxd1 Qxg7 30. Qd4 Qc7 31. Bd5 Qd6 32. Qf6 Qc5+ 33. Kf1 Bxd5 34. Qxf5+ Kg7 35. Qe5+ Kh7 36. cxd5 b5 37. Qe4+ Kg7 38. Qd4+ Qxd4 39. cxd4 bxa4 40. bxa4 Kf7 41. Ke2 Ke7 42. Ke3 Kd6 43. Ke4 g4 44. Kf5 Kxd5 45. Kxg4 Kxd4 46. Kh5 a5 47. Kxh6 Kc4 48. g4 Kb4 49. g5 1-0

[Event "FIDE WYCC Girls U18 2023"]
[Site "Montesilvano"]
[Date "2023.11.15"]
[Round "3.2"]
[White "Balabayeva, Xeniya"]
[Black "Petricenco, Ana"]
[Result "1-0"]
[ECO "B30"]
[WhiteElo "2192"]
[BlackElo "1902"]
[Annotator "ChessBase"]
[PlyCount "83"]
[EventDate "2023.11.13"]
[EventType "swiss"]
[EventCountry "ITA"]
[SourceTitle "playchess.com"]
[Source "ChessBase"]
[SourceQuality "1"]
[TimeControl "40/5400+30:1800+30"]

1. e4 c5 2. Nf3 Nc6 3. Bb5 e6 4. O-O Nge7 5. Re1 a6 6. Bf1 h6 7. b3 d6 8. Bb2 e5 9. c3 Ng6 10. d4 Be7 11. Nbd2 O-O 12. Nc4 Bg4 13. d5 Nb8 14. Ne3 Bd7 15. Nf5 Bxf5 16. exf5 Nh4 17. Bd3 Nxf3+ 18. Qxf3 Nd7 19. Rad1 b5 20. Bc2 Re8 21. g3 a5 22. h4 c4 23. bxc4 bxc4 24. Bc1 Bf6 25. Re4 Rc8 26. Ba4 Re7 27. Bxd7 Rxd7 28. Qh5 Kh7 29. Kg2 Qf8 30. Rh1 Rc5 31. Qf3 Rxd5 32. Rxc4 Rc5 33. Rxc5 dxc5 34. g4 e4 35. Qxe4 Bxc3 36. f6+ g6 37. h5 Bd2 38. hxg6+ fxg6 39. Bxd2 Rxd2 40. g5 h5 41. Rxh5+ Kg8 42. Qxg6+ 1-0

[Event "FIDE WYCC Girls U18 2023"]
[Site "Montesilvano"]
[Date "2023.11.15"]
[Round "3.3"]
[White "Nguyen Hong Nhung"]
[Black "Allahverdiyeva, Ayan"]
[Result "0-1"]
[ECO "B94"]
[WhiteElo "1975"]
[BlackElo "2152"]
[Annotator "ChessBase"]
[PlyCount "90"]
[EventDate "2023.11.13"]
[EventType "swiss"]
[EventCountry "ITA"]
[SourceTitle "playchess.com"]
[Source "ChessBase"]
[SourceQuality "1"]
[TimeControl "40/5400+30:1800+30"]

1. e4 c5 2. Nf3 d6 3. d4 cxd4 4. Nxd4 Nf6 5. Nc3 a6 6. Bg5 Nbd7 7. Bc4 Qb6 8. Bb3 e6 9. Bxf6 Nxf6 10. Qd2 Be7 11. f4 O-O 12. O-O-O Nd7 13. g4 Nc5 14. g5 Qc7 15. Rhe1 b5 16. f5 Kh8 17. f6 gxf6 18. gxf6 Bxf6 19. Rg1 Bb7 20. Kb1 b4 21. Nce2 Nxe4 22. Qxb4 a5 23. Qb5 Nc5 24. Qc4 Ba6 25. Nb5 Bxb5 26. Qxb5 a4 27. Rdf1 Be5 28. Qc4 axb3 29. cxb3 Qb7 30. Nc3 Qa6 31. Qxa6 Rxa6 32. b4 Na4 33. Nd1 f5 34. h3 Rc8 35. Rg2 f4 36. Rc2 Rxc2 37. Kxc2 Nxb2 38. b5 Rxa2 39. Kb3 Ra1 40. Ne3 Ra5 41. Ng2 Rxb5+ 42. Kc2 Nc4 43. Kd3 Ne3 44. Nxe3 Rb3+ 45. Ke4 Rxe3# 0-1

[Event "FIDE WYCC Girls U18 2023"]
[Site "Montesilvano"]
[Date "2023.11.15"]
[Round "3.4"]
[White "Zhurova, Anna"]
[Black "Luong, Hoang Tu Linh"]
[Result "0-1"]
[ECO "B90"]
[WhiteElo "2149"]
[BlackElo "1887"]
[Annotator "NA"]
[PlyCount "90"]
[EventDate "2023.11.13"]
[EventType "swiss"]
[EventCountry "ITA"]
[SourceTitle "playchess.com"]
[Source "ChessBase"]
[SourceQuality "1"]
[TimeControl "40/5400+30:1800+30"]

1. e4 c5 2. Nf3 d6 3. d4 cxd4 4. Nxd4 Nf6 5. Nc3 a6 6. Be3 e6 7. f3 b5 8. Qd2 Nbd7 9. g4 h6 10. O-O-O Bb7 11. h4 b4 12. Na4 d5 13. Rg1 e5 14. g5 hxg5 15. hxg5 Nh5 16. Nb3 d4 17. Bh3 Bc6 18. Bxd7+ Bxd7 19. Nac5 a5 20. g6 f6 21. Qe2 Rc8 22. Nxd7 Qxd7 23. Bxd4 exd4 24. Rxd4 Nf4 25. Qd2 Qc7 26. Rd1 Rh2 27. Qxh2 Nd3+ 28. R4xd3 Qxh2 29. R3d2 Qg3 30. Nxa5 Qxg6 31. Nb3 Qg3 32. Nd4 g6 33. Rd3 Qf2 34. Kb1 Bh6 35. a3 bxa3 36. Rxa3 Be3 37. c3 Bxd4 38. Rxd4 Rb8 39. b4 Qxf3 40. Kb2 Rc8 41. Rd2 Qe3 42. Rc2 Qxe4 43. b5 Qc4 44. Rb3 Rb8 45. b6 Qa6 0-1

[Event "FIDE WYCC Girls U18 2023"]
[Site "Montesilvano"]
[Date "2023.11.15"]
[Round "3.5"]
[White "Mungunzul, Bat-Erdene"]
[Black "Lindstad, Livia"]
[Result "1-0"]
[ECO "E32"]
[WhiteElo "2111"]
[BlackElo "1848"]
[Annotator "NA"]
[PlyCount "111"]
[EventDate "2023.11.13"]
[EventType "swiss"]
[EventCountry "ITA"]
[SourceTitle "playchess.com"]
[Source "ChessBase"]
[SourceQuality "1"]
[TimeControl "40/5400+30:1800+30"]

1. d4 Nf6 2. c4 e6 3. Nc3 Bb4 4. Qc2 O-O 5. Bg5 c5 6. dxc5 Na6 7. a3 Bxc3+ 8. Qxc3 Nxc5 9. Bxf6 Qxf6 10. Qxf6 gxf6 11. b4 Na4 12. e3 b6 13. Nf3 Ba6 14. Nd2 Rac8 15. Ne4 Kg7 16. b5 Bb7 17. Nd6 Rc7 18. e4 Ba8 19. Be2 Nc5 20. f3 Nb3 21. Rd1 Rg8 22. Kf2 Kf8 23. Rd3 Nc5 24. Rd2 Nb3 25. Rd3 Nc5 26. Re3 Ke7 27. Rd1 Bb7 28. f4 f5 29. Nxb7 Nxe4+ 30. Rxe4 fxe4 31. Nd6 f5 32. g4 Rf8 33. a4 fxg4 34. Kg3 Rc5 35. Rd4 e3 36. Ne4 Rcf5 37. Nc3 h5 38. Re4 Kd8 39. Nd1 R5f6 40. Nxe3 d6 41. Nc2 Kd7 42. Nb4 Rg6 43. Kh4 Rg7 44. Nc2 d5 45. Rd4 Ke7 46. Ne3 dxc4 47. Rxc4 Kf6 48. Rc6 Re8 49. Bc4 Rd7 50. Nd5+ Kg7 51. Nc7 Rh8 52. Nxe6+ Kh7 53. Kxh5 Rd2 54. Rc7+ Kg8+ 55. Kg6 Rd8 56. Rg7# 1-0

[Event "FIDE WYCC Girls U18 2023"]
[Site "Montesilvano"]
[Date "2023.11.15"]
[Round "3.6"]
[White "Shohradova, Lala"]
[Black "Mihelic, Vesna"]
[Result "0-1"]
[ECO "D53"]
[WhiteElo "1846"]
[BlackElo "2102"]
[Annotator "NA"]
[PlyCount "114"]
[EventDate "2023.11.13"]
[EventType "swiss"]
[EventCountry "ITA"]
[SourceTitle "playchess.com"]
[Source "ChessBase"]
[SourceQuality "1"]
[TimeControl "40/5400+30:1800+30"]

1. d4 Nf6 2. c4 e6 3. Nc3 d5 4. Bg5 Be7 5. e3 b6 6. cxd5 exd5 7. Bd3 h6 8. Bh4 O-O 9. Nge2 Bb7 10. O-O c5 11. Rc1 Nbd7 12. f3 Re8 13. Qd2 a6 14. Rfd1 c4 15. Bb1 b5 16. Re1 Bc6 17. Nd1 Qb6 18. Bf2 Qb7 19. g4 a5 20. h4 Nf8 21. Ng3 Ng6 22. Nf5 Bb4 23. Nc3 Ne7 24. g5 hxg5 25. hxg5 Nh5 26. Ng3 Nxg3 27. Bxg3 Ng6 28. Qh2 Qe7 29. f4 Bd6 30. Qh5 b4 31. Nd1 Qd7 32. Re2 Ra6 33. Nf2 Bb5 34. Ng4 Kf8 35. Rh2 Ke7 36. Ne5 Bxe5 37. fxe5 Rh8 38. Qf3 Rxh2 39. Bxh2 Nh4 40. Qf2 Qg4+ 41. Kh1 c3 42. bxc3 Rc6 43. e4 Rxc3 44. Rxc3 bxc3 45. exd5 Be2 46. d6+ Kd8 47. Bg3 Qh3+ 48. Bh2 Bf3+ 49. Kg1 Bd5 50. Qg3 Nf3+ 51. Kf2 Qxh2+ 52. Qxh2 Nxh2 53. Ke3 Nf3 54. g6 fxg6 55. e6 Bxe6 56. Kxf3 Bf5 57. Bxf5 gxf5 0-1

[Event "FIDE WYCC Girls U18 2023"]
[Site "Montesilvano"]
[Date "2023.11.15"]
[Round "3.7"]
[White "Wikar, Martyna"]
[Black "Bhagyashree Patil"]
[Result "1-0"]
[ECO "D31"]
[WhiteElo "2228"]
[BlackElo "1830"]
[Annotator "ChessBase"]
[PlyCount "61"]
[EventDate "2023.11.13"]
[EventType "swiss"]
[EventCountry "ITA"]
[SourceTitle "playchess.com"]
[Source "ChessBase"]
[SourceQuality "1"]
[TimeControl "40/5400+30:1800+30"]

1. d4 d5 2. c4 e6 3. Nc3 a6 4. cxd5 exd5 5. Nf3 Nf6 6. Bg5 Be7 7. e3 O-O 8. Bd3 b6 9. Qc2 h6 10. h4 c5 11. Ne5 c4 12. Bf5 b5 13. Bxc8 Qxc8 14. Bxf6 Bxf6 15. Nxd5 Bd8 16. Qe4 Ra7 17. O-O Re8 18. g3 Nc6 19. f4 Ne7 20. f5 Nc6 21. Rad1 a5 22. Kh2 Ra6 23. Qf4 Nb4 24. Qf3 Qa8 25. Nc3 f6 26. Qh5 Re7 27. Ng6 Re8 28. e4 Nd3 29. Nf4 Bb6 30. Ncd5 Bxd4 31. Nc7 1-0

[Event "FIDE WYCC Girls U18 2023"]
[Site "Montesilvano"]
[Date "2023.11.15"]
[Round "3.8"]
[White "Obada, Ema"]
[Black "Abrisqueta Zudaire, Leyre"]
[Result "0-1"]
[ECO "B33"]
[WhiteElo "2023"]
[BlackElo "2137"]
[Annotator "NA"]
[PlyCount "70"]
[EventDate "2023.11.13"]
[EventType "swiss"]
[EventCountry "ITA"]
[SourceTitle "playchess.com"]
[Source "ChessBase"]
[SourceQuality "1"]
[TimeControl "40/5400+30:1800+30"]

1. e4 c5 2. Nf3 Nc6 3. d4 cxd4 4. Nxd4 Nf6 5. Nc3 e6 6. Nxc6 bxc6 7. e5 Nd5 8. Ne4 Qc7 9. f4 Qb6 10. c4 Bb4+ 11. Ke2 f5 12. Nf2 Ne7 13. a3 Bc5 14. Nd3 Bd4 15. Qc2 c5 16. Rb1 Nc6 17. Kd1 Rb8 18. Bd2 a5 19. Kc1 Qa6 20. Be2 Bb7 21. Bf3 O-O 22. Re1 a4 23. Bd1 Ra8 24. g4 Ne7 25. h3 Be4 26. Be3 Nc6 27. Bxd4 cxd4 28. gxf5 Na5 29. Be2 Nb3+ 30. Kd1 exf5 31. Bf1 Rac8 32. Ke2 Rxc4 33. Qd1 Rfc8 34. Kf2 Rc2+ 35. Re2 Qxd3 0-1

[Event "FIDE WYCC Girls U18 2023"]
[Site "Montesilvano"]
[Date "2023.11.15"]
[Round "3.9"]
[White "Cornileau, Juliette"]
[Black "Nguyen, Thien Ngan"]
[Result "1/2-1/2"]
[ECO "D35"]
[WhiteElo "2089"]
[BlackElo "1891"]
[Annotator "NA"]
[PlyCount "106"]
[EventDate "2023.11.13"]
[EventType "swiss"]
[EventCountry "ITA"]
[SourceTitle "playchess.com"]
[Source "ChessBase"]
[SourceQuality "1"]
[TimeControl "40/5400+30:1800+30"]

1. d4 d5 2. c4 e6 3. Nc3 Nf6 4. cxd5 Nxd5 5. e4 Nxc3 6. bxc3 c5 7. Rb1 cxd4 8. cxd4 Nc6 9. Bb5 Bd7 10. Nf3 Bb4+ 11. Bd2 Bxd2+ 12. Qxd2 Qa5 13. d5 Qxd2+ 14. Kxd2 Nd8 15. dxe6 fxe6 16. Bxd7+ Kxd7 17. Ne5+ Kd6 18. f4 Rc8 19. Rhd1 Rc7 20. Ke3+ Ke7 21. Rbc1 Nc6 22. Rc3 Rhc8 23. Rdc1 Kd6 24. Nc4+ Ke7 25. Ne5 Kd6 26. Nd3 b6 27. e5+ Kd7 28. Rd1 Ke7 29. Rdc1 Kd7 30. Rd1 Na5 31. Rxc7+ Rxc7 32. Rc1 Rxc1 33. Nxc1 Kc6 34. Ke4 Nb7 35. g4 Nc5+ 36. Kd4 g6 37. Ne2 a5 38. h4 a4 39. Ng3 b5 40. f5 exf5 41. gxf5 gxf5 42. Nxf5 Ne6+ 43. Ke4 Kc5 44. Ne3 b4 45. Kf5 b3 46. axb3 axb3 47. Nd1 Nd8 48. Kf6 Kd5 49. h5 h6 50. Nc3+ Kd4 51. Na4 Kd5 52. Nc3+ Kd4 53. Na4 Kd5 1/2-1/2

[Event "FIDE WYCC Girls U18 2023"]
[Site "Montesilvano"]
[Date "2023.11.15"]
[Round "3.10"]
[White "Striskova, Lucia"]
[Black "Margadgua Erdenebayar"]
[Result "1/2-1/2"]
[ECO "B90"]
[WhiteElo "2039"]
[BlackElo "2013"]
[Annotator "NA"]
[PlyCount "123"]
[EventDate "2023.11.13"]
[EventType "swiss"]
[EventCountry "ITA"]
[SourceTitle "playchess.com"]
[Source "ChessBase"]
[SourceQuality "1"]
[TimeControl "40/5400+30:1800+30"]

1. e4 c5 2. Nf3 d6 3. d4 cxd4 4. Nxd4 Nf6 5. Nc3 a6 6. Be3 e5 7. Nb3 Be6 8. f4 Ng4 9. Bd2 exf4 10. Bxf4 Nd7 11. Qd2 Nge5 12. h3 Be7 13. O-O-O O-O 14. g4 Rc8 15. Kb1 Bc4 16. Nd5 Bxd5 17. exd5 Qc7 18. Qg2 Ng6 19. Bc1 Bf6 20. g5 Be5 21. Bd3 Nb6 22. h4 Ne7 23. Be4 f5 24. gxf6 Rxf6 25. h5 Rcf8 26. Nd4 Rf2 27. Qh3 Na4 28. Qd3 Nc5 29. Qe3 Nxe4 30. Qxe4 Qc4 31. Rhg1 R2f4 32. Bxf4 Rxf4 33. Qg2 Rxd4 34. Qg5 Rxd1+ 35. Rxd1 Qb4 36. Qc1 Nf5 37. c3 Qe4+ 38. Ka1 Ne3 39. Rg1 Nxd5 40. Qg5 Bf6 41. Qg3 Qe5 42. Qg4 Nb6 43. a3 Kf7 44. Rd1 d5 45. Qb4 Qc7 46. Qg4 Qc6 47. Qf5 h6 48. Qg6+ Kf8 49. Qf5 Nc4 50. Rxd5 Ne3 51. Rd8+ Ke7 52. Qd3 Nc4 53. Rd5 Nd6 54. Qe3+ Kd7 55. Rc5 Qb6 56. Qh3+ Ke7 57. Rd5 Qg1+ 58. Ka2 Qe1 59. Qd3 Qe6 60. Ka1 b5 61. Rc5 Qe1+ 62. Ka2 1/2-1/2

[Event "FIDE WYCC Girls U18 2023"]
[Site "Montesilvano"]
[Date "2023.11.15"]
[Round "3.11"]
[White "Kurmangaliyeva, Liya"]
[Black "Hoanca, Alexia-Ioana"]
[Result "1/2-1/2"]
[ECO "B10"]
[WhiteElo "2236"]
[BlackElo "1830"]
[Annotator "ChessBase"]
[PlyCount "77"]
[EventDate "2023.11.13"]
[EventType "swiss"]
[EventCountry "ITA"]
[SourceTitle "playchess.com"]
[Source "ChessBase"]
[SourceQuality "1"]
[TimeControl "40/5400+30:1800+30"]

1. e4 c6 2. Nc3 d5 3. Nf3 Nf6 4. e5 Ne4 5. Ne2 Qb6 6. d4 e6 7. Ng3 c5 8. Bd3 Nxg3 9. fxg3 Nc6 10. O-O cxd4 11. a3 Bd7 12. b4 Be7 13. Qe1 f6 14. Bd2 Qc7 15. Bf4 Qb6 16. Rb1 a6 17. g4 O-O-O 18. b5 axb5 19. Rxb5 Qa7 20. Rb1 Rde8 21. Kh1 Bd8 22. Qe2 Bc7 23. Rb3 g5 24. Bg3 h5 25. gxh5 g4 26. Nh4 Bxe5 27. Bg6 Bxg3 28. Rxg3 Ref8 29. Qxg4 Ne5 30. Qe2 Qc5 31. Bd3 Be8 32. Ng6 Bxg6 33. hxg6 Rhg8 34. h4 Qd6 35. h5 Nf7 36. Rgf3 Nh6 37. Rxf6 Nf5 38. R1xf5 Qe7 39. Rxf8+ 1/2-1/2

[Event "FIDE WYCC Girls U18 2023"]
[Site "Montesilvano"]
[Date "2023.11.15"]
[Round "3.12"]
[White "Hernandez Ortega, Carolina"]
[Black "Naymanova, Patricie"]
[Result "0-1"]
[ECO "B44"]
[WhiteElo "1796"]
[BlackElo "2083"]
[Annotator "NA"]
[PlyCount "124"]
[EventDate "2023.11.13"]
[EventType "swiss"]
[EventCountry "ITA"]
[SourceTitle "playchess.com"]
[Source "ChessBase"]
[SourceQuality "1"]
[TimeControl "40/5400+30:1800+30"]

1. e4 c5 2. Nf3 e6 3. d4 cxd4 4. Nxd4 Nc6 5. Bf4 d6 6. Nxc6 bxc6 7. c4 Rb8 8. Qc2 Qb6 9. b3 Qd4 10. Nc3 Qf6 11. Bg3 h5 12. O-O-O e5 13. f3 Qg5+ 14. Qd2 Qxd2+ 15. Rxd2 g6 16. Kb2 Be6 17. c5 h4 18. Bf2 dxc5 19. Kc2 Nf6 20. Bc4 Bxc4 21. bxc4 Be7 22. Rb1 Rxb1 23. Kxb1 O-O 24. Bxh4 Nxe4 25. Nxe4 Bxh4 26. Nxc5 Rb8+ 27. Kc2 Kg7 28. Nd7 Re8 29. Re2 Re7 30. Nxe5 f6 31. g3 Bg5 32. h4 Bh6 33. g4 Bf4 34. Kd3 fxe5 35. Rb2 Rd7+ 36. Ke2 Kf6 37. Rb8 Rd2+ 38. Kf1 Rxa2 39. g5+ Ke7 40. Rb7+ Ke8 41. Rg7 a5 42. Rxg6 a4 43. Rxc6 a3 44. Ra6 Ra1+ 45. Ke2 a2 46. g6 Rg1 47. Ra8+ Ke7 48. Ra7+ Kf6 49. g7 Rxg7 50. Ra6+ Kf5 51. Kd3 Rg2 52. c5 Rf2 53. Kc4 Rxf3 54. Rxa2 e4 55. c6 Rf1 56. Rc2 Rd1 57. h5 Rd8 58. Kb3 e3 59. c7 Rc8 60. Rc5+ Ke4 61. Kc2 Rxc7 62. Rxc7 Bxc7 0-1

[Event "FIDE WYCC Girls U18 2023"]
[Site "Montesilvano"]
[Date "2023.11.15"]
[Round "3.13"]
[White "Hakobyan, Astghik"]
[Black "Sovetbekova, Nurai"]
[Result "0-1"]
[ECO "B52"]
[WhiteElo "2073"]
[BlackElo "1801"]
[Annotator "NA"]
[PlyCount "74"]
[EventDate "2023.11.13"]
[EventType "swiss"]
[EventCountry "ITA"]
[SourceTitle "playchess.com"]
[Source "ChessBase"]
[SourceQuality "1"]
[TimeControl "40/5400+30:1800+30"]

1. e4 c5 2. Nf3 d6 3. Bb5+ Bd7 4. Bxd7+ Qxd7 5. c4 Nf6 6. Nc3 g6 7. O-O Bg7 8. d4 cxd4 9. Nxd4 O-O 10. f3 Nc6 11. Be3 a6 12. Qd2 b5 13. cxb5 Nxd4 14. Bxd4 axb5 15. Kh1 Qb7 16. b3 Rfc8 17. Rac1 b4 18. Na4 Nd7 19. Be3 h5 20. Bg5 Nc5 21. Nxc5 dxc5 22. Qe2 Ra5 23. f4 e6 24. f5 exf5 25. exf5 Qa6 26. Qe7 Rxa2 27. fxg6 Qxg6 28. Rcd1 Bd4 29. Rf3 Qe6 30. Qb7 Re8 31. Rdf1 Rf2 32. R1xf2 Bxf2 33. g3 Bd4 34. Bd2 Qg6 35. Qb5 Qe4 36. Kg2 Qe2+ 37. Kh3 Qxb5 0-1